[Event "Gibraltar Challengers A 2019"]
[Site "Caleta"]
[Date "2019.01.23"]
[Round "3"]
[White "Abdulraheem Abdulrahman Akint"]
[Black "Vinal Gutierrez, Pedro"]
[Result "1-0"]
[ECO "A13"]
[WhiteElo "2224"]
[BlackElo "1997"]
[Annotator "NA"]
[PlyCount "47"]
[EventDate "2019.01.18"]
[EventType "swiss"]
[EventCountry "GGB"]
[SourceTitle "playchess.com"]
[Source "ChessBase"]
[SourceQuality "1"]
[TimeControl "6600+10"]

1. Nf3 d5 2. c4 e6 3. g3 dxc4 4. Bg2 a6 {[%emt 0:00:18] A13: English Opening: 1...e6} 5. a4 (5. O-O Nc6 6. Na3 Bxa3 7. bxa3 e5 8. Rb1 Nge7 9. Qc2 Bf5 10. e4 Bg4 11. Rxb7 Bxf3 12. Bxf3 {0-1 (41) Aronian,L (2785)-Grandelius,N (2643) Doha 2016}) 5... Nc6 6. Na3 {[%emt 0:04:21] LiveBook: 9 Games} Bxa3 7. bxa3 e5 8. O-O $146 ({Predecessor:} 8. Qc2 Be6 9. Qb2 f6 10. Qxb7 Na5 11. Qe4 Ne7 12. Bb2 {0-1 (37) Polzin,R (2505)-Mikhalevski,A (2441) Pardubice 2007}) 8... Be6 9. Bb2 f6 10. Nh4 Nge7 11. f4 exf4 12. Rxf4 O-O 13. Qc2 Na5 $2 (13... Qd6 $17 14. Raf1 Rad8) 14. Be4 h6 $1 15. Raf1 Bh3 16. Bh7+ Kh8 17. R1f3 Qd6 18. Re4 Nac6 {[%emt 0:03:57] [#]} 19. g4 $1 ({Worse is} 19. Rxc4 Rad8 $15) 19... c3 $2 (19... Rad8 {keeps fighting.}) 20. Bxc3 Bxg4 21. Rxg4 Qc5+ 22. d4 Qh5 23. Rfg3 g5 24. Ng6+ $18 1-0

[Event "Gibraltar Challengers A 2019"]
[Site "Caleta"]
[Date "2019.01.23"]
[Round "3"]
[White "Janse, Jan Jaap"]
[Black "Tworzydlo, Piotr"]
[Result "0-1"]
[ECO "A49"]
[WhiteElo "2222"]
[BlackElo "2165"]
[Annotator "NA"]
[PlyCount "116"]
[EventDate "2019.01.18"]
[EventType "swiss"]
[EventCountry "GGB"]
[SourceTitle "playchess.com"]
[Source "ChessBase"]
[SourceQuality "1"]
[TimeControl "6600+10"]

1. d4 g6 2. Nf3 Nf6 3. g3 Bg7 4. Bg2 O-O 5. O-O d6 6. b3 a5 7. c4 {[%emt 0:04:59] A49: 1 d4 Nf6 2 Nf3 g6 3 g3: Anti-King's Indian systems} (7. Bb2 a4 8. c4 c6 9. e3 Bg4 10. h3 Bxf3 11. Bxf3 Nbd7 12. Nc3 a3 13. Bc1 e5 14. dxe5 Nxe5 15. Bg2 {1-0 (42) Giri,A (2782)-Aronian,L (2767) chess.com INT 2018}) 7... c5 8. Bb2 cxd4 9. Nxd4 Na6 10. Nc3 Nc5 11. Qc2 Bd7 12. Rfd1 $146 ({Predecessor:} 12. a3 Qc8 13. Nd5 Nxd5 14. cxd5 {½-½ (31) Oyeneyin,T (2105)-Boyo,P Lagos 2014}) 12... Qc8 13. Rac1 Bh3 14. Bh1 h5 15. Nd5 Nxd5 16. Bxd5 Kh8 17. Qd2 Kh7 18. Nf3 Bxb2 19. Ng5+ Kg8 20. Qxb2 Bd7 21. Qc2 Bf5 22. Qc3 Ra7 23. Rd4 b6 24. Rf4 e5 25. Rf3 Kg7 26. Re3 f6 27. Nf3 Be6 28. Rd1 Bxd5 29. Rxd5 Rd7 30. Nh4 Qe8 31. f4 Qf7 32. f5 g5 33. Ng6 Rc8 34. Qd2 Nb7 {[%emt 0:01:05] [#]} 35. Rb5 $11 (35. Rexe5 $1 $18 Rcd8 (35... dxe5 36. Rxd7) 36. Re3) 35... d5 36. Rxd5 Rxd5 37. cxd5 Nd6 38. Rf3 Rc5 39. Nxe5 fxe5 40. Qxg5+ Kh7 41. g4 hxg4 42. Qh4+ Kg8 43. Qd8+ Ne8 44. Rg3 Rxd5 45. Rxg4+ Kf8 46. Qxb6 Qxf5 47. Qh6+ Kf7 48. Qg5 Rd1+ 49. Kg2 Qf1+ 50. Kg3 Nf6 51. Qg6+ Ke6 52. Rg5 Qf4+ 53. Kg2 Rf1 54. Rg3 Rf2+ 55. Kh3 Rxe2 56. a4 Qf1+ 57. Kh4 Re4+ 58. Kg5 Qc1+ 0-1

[Event "Gibraltar Challengers A 2019"]
[Site "Caleta"]
[Date "2019.01.23"]
[Round "3"]
[White "Maisuradze, Nino"]
[Black "Jordan Martinez, Miguel"]
[Result "1-0"]
[ECO "A41"]
[WhiteElo "2215"]
[BlackElo "2142"]
[Annotator "NA"]
[PlyCount "79"]
[EventDate "2019.01.18"]
[EventType "swiss"]
[EventCountry "GGB"]
[SourceTitle "playchess.com"]
[Source "ChessBase"]
[SourceQuality "1"]
[TimeControl "6600+10"]

1. d4 d6 2. Nf3 Bg4 3. e4 e6 4. Be3 Nf6 5. Nbd2 c6 6. c3 d5 7. Qb3 Qb6 8. Ne5 Nbd7 (8... Bh5 $14) 9. exd5 exd5 10. Nxg4 Nxg4 11. Bf4 Be7 12. Bd3 O-O 13. Qc2 Ngf6 14. O-O c5 15. dxc5 Nxc5 16. Be2 Ne6 $11 17. Be3 Qc7 18. Nb3 Bd6 19. g3 Rfe8 20. Bf3 Rad8 21. Rad1 Be5 22. Qd3 b6 23. Qb5 Qc4 24. Rxd5 Qxb5 25. Rxb5 Nc7 26. Rb4 Ncd5 27. Ra4 Nxe3 28. fxe3 a5 29. Nd4 Bd6 30. Kf2 Bc5 31. Rd1 h5 32. Rc4 Rc8 33. b4 axb4 34. cxb4 Bd6 35. Nc6 Bc7 36. Rdc1 Kf8 37. Na7 Bxg3+ 38. hxg3 Ra8 39. Bxa8 Rxa8 40. Rc8+ 1-0

[Event "Gibraltar Challengers A 2019"]
[Site "Caleta"]
[Date "2019.01.23"]
[Round "3"]
[White "Rodriguez Perez, Angel Mariano"]
[Black "Villar Reymundo, Juan Antonio"]
[Result "1-0"]
[ECO "B25"]
[WhiteElo "2204"]
[BlackElo "2237"]
[Annotator "NA"]
[PlyCount "83"]
[EventDate "2019.01.18"]
[EventType "swiss"]
[EventCountry "GGB"]
[SourceTitle "playchess.com"]
[Source "ChessBase"]
[SourceQuality "1"]
[TimeControl "6600+10"]

1. e4 c5 2. Nc3 Nc6 3. g3 g6 4. Bg2 Bg7 5. d3 d6 6. f4 e6 {[%emt 0:00:19] LiveBook: 1381 Games} 7. Nf3 Nge7 8. O-O O-O 9. Rb1 b6 10. Be3 Ba6 {[%emt 0:03:45] B25: Closed Sicilian: 3 g3, lines without early Be3} (10... Bb7 11. Ne2 d5 12. a3 dxe4 13. dxe4 Qc7 14. Qe1 Rad8 15. Bd2 Rd7 16. Rf2 Rfd8 17. Bc3 Nd4 18. Bxd4 cxd4 {½-½ (61) Dimov,I (2457)-Pheby,I (2484) ICCF email 2007}) 11. Re1 Qc7 12. a4 $146 ({Predecessor:} 12. Bf2 Rac8 13. Ne2 Rfe8 14. c3 Bb7 15. Qd2 d5 16. e5 Red8 17. d4 c4 18. g4 {0-1 (45) Franco Rincon,D (1696)-Zhynguel Ramirez de Verge,A (1586) Madrid 2012}) 12... Rad8 13. Nb5 Qb8 14. c3 Bb7 15. Bf2 a6 16. Na3 Qc7 17. Nc2 h6 18. Qe2 Rfe8 19. d4 Kh7 20. e5 cxd4 21. exd6 Rxd6 22. Ncxd4 Nxd4 23. Nxd4 Bxg2 24. Kxg2 Nc6 25. Nf3 Qb7 26. Qe4 f5 27. Qe3 e5 28. Qxb6 Qxb6 29. Bxb6 e4 30. Ng1 Nb4 $2 (30... Ne5 $11) 31. Bc5 Rd2+ 32. Re2 Rxe2+ 33. Nxe2 Nd3 34. Bd4 $14 (34. Be3 $18) 34... Bf8 35. b4 g5 36. Kf1 Bd6 37. Be3 gxf4 38. Nxf4 Bxf4 39. Bxf4 e3 40. Ke2 Nxf4+ 41. gxf4 Re4 42. b5 1-0

[Event "Gibraltar Challengers A 2019"]
[Site "Caleta"]
[Date "2019.01.23"]
[Round "3"]
[White "Saber, Yasser"]
[Black "Verneuil, Pascal"]
[Result "0-1"]
[ECO "A07"]
[WhiteElo "2201"]
[BlackElo "2114"]
[Annotator "NA"]
[PlyCount "68"]
[EventDate "2019.01.18"]
[EventType "swiss"]
[EventCountry "GGB"]
[SourceTitle "playchess.com"]
[Source "ChessBase"]
[SourceQuality "1"]
[TimeControl "6600+10"]

1. d3 d5 2. g3 e5 3. Nf3 Nc6 4. Bg2 Nf6 5. O-O Bg4 6. h3 {[%emt 0:00:02] A07: Réti Opening: New York and Capablanca Systems} (6. Nbd2 Bc5 7. c4 d4 8. b4 Bxb4 9. Nxe5 Nxe5 10. Qa4+ Nc6 11. Bxc6+ bxc6 12. Qxb4 Nd7 13. Ne4 c5 14. Nxc5 {½-½ (36) Vachier Lagrave,M (2703)-Kramnik,V (2791) Moscow 2010}) 6... Bf5 7. Bg5 Be7 8. c4 $146 ({Predecessor:} 8. Nc3 Qd7 9. Kh2 Be6 10. e4 d4 11. Ne2 h6 {1-0 (27) Heerlein,G (1755)-Herberich,M (1726) Wuerzburg 2007}) 8... d4 9. b4 Nd7 10. Bxe7 Nxe7 11. Re1 O-O 12. e3 dxe3 13. Rxe3 Ng6 14. d4 Nb6 (14... e4 $11) 15. Na3 (15. Nxe5 $16 Re8 16. Nxg6 (16. Bxb7 Nxe5 17. Bxa8 Nbxc4 $11) 16... Rxe3 17. fxe3 Bxg6 18. Nd2 (18. Bxb7 Rb8 $11)) 15... a5 ({Black should play} 15... e4 $14) 16. b5 exd4 17. Nxd4 Bc8 18. Nb3 Qf6 ({Black should play} 18... a4) 19. Nc5 Ne5 20. Rc1 Nbd7 21. Ne4 Qh6 22. f4 Nf6 23. Nxf6+ gxf6 24. Qd4 Ng6 25. Qxf6 Bxh3 26. Bxb7 Rae8 27. Nc2 Rd8 28. Bd5 Rd6 $16 29. Qg5 Qg7 30. Kh2 h6 31. Qh5 Be6 32. f5 Bxd5 33. cxd5 Ne5 34. Nd4 Ng4+ 0-1

[Event "Gibraltar Challengers A 2019"]
[Site "Caleta"]
[Date "2019.01.23"]
[Round "3"]
[White "Onabogun, Kolade"]
[Black "Bujakevich, Aleksandr"]
[Result "1-0"]
[ECO "C87"]
[WhiteElo "2189"]
[BlackElo "2054"]
[Annotator "NA"]
[PlyCount "83"]
[EventDate "2019.01.18"]
[EventType "swiss"]
[EventCountry "GGB"]
[SourceTitle "playchess.com"]
[Source "ChessBase"]
[SourceQuality "1"]
[TimeControl "6600+10"]

1. e4 e5 2. Nf3 Nc6 3. Bb5 a6 4. Ba4 Nf6 5. O-O d6 6. c3 Bg4 7. Re1 Be7 8. d3 O-O 9. Nbd2 {[%emt 0:00:00] LiveBook: 80 Games} d5 {[%emt 0:06:26] C87: Closed Ruy Lopez: Steinitz-type lines after 6 Re1 d6} (9... Nd7 10. h3 Bh5 11. Bc2 Nb6 12. Nf1 d5 13. Ng3 Bg6 14. Qe2 Re8 15. Be3 Qd6 16. Bxb6 cxb6 17. h4 h6 18. Bb3 d4 19. cxd4 Nxd4 20. Nxd4 Qxd4 {1-0 (45) So,W (2786)-Onischuk,A (2672) Saint Louis 2018}) 10. h3 Bxf3 11. Qxf3 b5 $146 ({Predecessor:} 11... d4 12. Bxc6 bxc6 13. Nc4 Bd6 14. Bg5 Re8 15. cxd4 exd4 16. e5 Bb4 17. Red1 {1-0 (42) Klausmeier,A-Guddat,L Sueder 1996}) 12. exd5 Qxd5 13. Bb3 Qxf3 14. Nxf3 Bd6 15. a4 h6 16. Bd2 Rfe8 17. Ra2 Na5 18. Bc2 b4 19. cxb4 Nc6 20. a5 Nxb4 21. Bxb4 Bxb4 22. Rxe5 Rxe5 23. Nxe5 Re8 24. d4 Bd6 {[%emt 0:00:37] [#]} 25. Nf3 $16 (25. Bb3 $142 $1 Bxe5 26. dxe5 Rxe5 27. Bc4) 25... Nd5 26. Bb3 Nb4 27. Ra1 c5 28. dxc5 Bxc5 29. Bc4 Kf8 30. Rc1 f6 31. Bf1 Bd6 32. g3 Rd8 33. h4 Rd7 34. Rc8+ Ke7 35. Rg8 Ke6 36. Ra8 Rb7 37. b3 Bc5 38. Rc8 Kd6 39. h5 Nc6 40. Nd2 Nxa5 41. Ne4+ Kd7 42. Bh3+ 1-0

[Event "Gibraltar Challengers A 2019"]
[Site "Caleta"]
[Date "2019.01.23"]
[Round "3"]
[White "Lacrosse, Marc"]
[Black "Kozarcanin, Sead"]
[Result "1-0"]
[ECO "D13"]
[WhiteElo "2182"]
[BlackElo "2048"]
[Annotator "NA"]
[PlyCount "109"]
[EventDate "2019.01.18"]
[EventType "swiss"]
[EventCountry "GGB"]
[SourceTitle "playchess.com"]
[Source "ChessBase"]
[SourceQuality "1"]
[TimeControl "6600+10"]

1. d4 d5 2. c4 c6 3. Nf3 Nf6 4. Nc3 a6 5. cxd5 cxd5 6. Bf4 Nc6 7. Rc1 Bf5 8. e3 e6 9. Bd3 Bxd3 10. Qxd3 Bd6 11. Bxd6 Qxd6 12. O-O O-O 13. Na4 Ne4 14. Nc5 Nxc5 15. Rxc5 {[%emt 0:01:30] D13: Slav Defence: Exchange variation without ...Bf5} Rfc8 16. Rfc1 Ne7 {[%emt 0:01:45] LiveBook: 12 Games} 17. b4 (17. Rxc8+ Rxc8 18. Rxc8+ Nxc8 19. Qc3 Ne7 20. Ne5 f6 21. Nd3 b6 22. a4 a5 23. b4 axb4 24. Nxb4 Kf7 25. h3 Qd7 26. Qc2 Qd6 27. Qc3 Qd7 28. Qc2 Qd6 29. Qc3 Qd7 {½-½ (29) Radjabov,T (2713)-Mamedyarov,S (2757) Beijing 2013}) 17... h6 $146 ({Predecessor:} 17... Qd8 18. Qc2 b6 19. Rc7 Rxc7 20. Qxc7 Qxc7 21. Rxc7 Rc8 22. Rxc8+ Nxc8 {½-½ (22) Patriarca,L (2317)-Butti,E (2218) Asuncion 2001}) 18. h3 b6 19. Rxc8+ Nxc8 20. Qc3 a5 21. Ne5 Ne7 22. b5 f6 23. Qc7 Rd8 24. Qxd6 Rxd6 {[%emt 0:00:02] [#]} 25. Rc7 $1 Kf8 26. Nd3 g5 27. g4 Ke8 28. Rb7 Ng6 29. Kf1 Nf8 30. Ke2 Nd7 $18 31. Ra7 Nf8 32. Nc5 bxc5 33. dxc5 Rd8 34. c6 Rc8 35. a4 Ng6 36. b6 Rxc6 37. b7 Rc2+ 38. Kd3 Rb2 39. Kc3 Rb6 40. Ra8+ Kd7 41. b8=Q Rxb8 42. Rxb8 Ne5 43. Rh8 Nc4 44. Rxh6 Ke7 45. Rh8 Kd6 46. h4 gxh4 47. Rxh4 Nb6 48. Kb3 Nd7 49. f4 Nc5+ 50. Ka3 Ne4 51. Rh7 Nd2 52. g5 fxg5 53. fxg5 Ke5 54. Rf7 Nc4+ 55. Kb3 1-0

[Event "Gibraltar Challengers A 2019"]
[Site "Caleta"]
[Date "2019.01.23"]
[Round "3"]
[White "Crespo, Eugenio"]
[Black "Dhanwani, Aditya"]
[Result "1-0"]
[ECO "C41"]
[WhiteElo "2169"]
[BlackElo "1497"]
[Annotator "NA"]
[PlyCount "50"]
[EventDate "2019.01.18"]
[EventType "swiss"]
[EventCountry "GGB"]
[SourceTitle "playchess.com"]
[Source "ChessBase"]
[SourceQuality "1"]
[TimeControl "6600+10"]

1. e4 d6 2. d4 Nf6 3. Nc3 e5 4. Nf3 exd4 5. Nxd4 Be7 6. Be2 O-O 7. g4 {[%emt 0:13:46] LiveBook: 6 Games} Ne8 (7... d5 $11 {remains equal.}) 8. Be3 a6 9. Qd2 Nd7 10. O-O-O Ne5 (10... Nb6 $16 {is a better defense.}) 11. f4 Nxg4 12. Bxg4 $11 Bxg4 13. Rdg1 Bd7 14. h4 c5 15. Nf3 b5 16. h5 b4 17. Nd5 Nf6 18. Qg2 Ne8 19. f5 Kh8 20. Rh3 f6 21. Nh4 Rf7 22. Ng6+ Kg8 23. Ngxe7+ Rxe7 24. Nxe7+ Qxe7 25. Rg3 Kh8 1-0

[Event "Gibraltar Challengers A 2019"]
[Site "Caleta"]
[Date "2019.01.23"]
[Round "3"]
[White "Gonzalez Gonzalez, Alfonso"]
[Black "Pinho, Paulo"]
[Result "0-1"]
[ECO "A45"]
[WhiteElo "2160"]
[BlackElo "2205"]
[Annotator "NA"]
[PlyCount "70"]
[EventDate "2019.01.18"]
[EventType "swiss"]
[EventCountry "GGB"]
[SourceTitle "playchess.com"]
[Source "ChessBase"]
[SourceQuality "1"]
[TimeControl "6600+10"]

1. d4 Nf6 2. Bg5 Ne4 3. Bh4 g5 4. f3 gxh4 5. fxe4 c5 6. e3 Bh6 7. Qd3 {[%emt 0:00:07] A45: Trompowsky Attack} (7. Kf2 cxd4 8. exd4 e5 9. Qh5 Qf6+ 10. Nf3 exd4 11. Bc4 Be3+ 12. Ke1 Nc6 13. Rf1 Qg6 14. Qd5 Ne7 15. Qe5 f6 16. Qa5 {½-½ (42) Sedlak,N (2553)-Vorobiov,E (2577) Vrsac 2008}) 7... Nc6 {[%emt 0:10:42] LiveBook: 6 Games} 8. c3 Qb6 9. b3 c4 (9... e5 $11) 10. Qxc4 Bxe3 11. Nf3 d6 $146 ({Predecessor:} 11... h3 12. g3 d6 13. Qd3 Bh6 14. d5 Nb8 {½-½ (37) Sabol,M (2354)-Chojnacki,K (2426) Litomysl 2008}) 12. Qd3 Bh6 13. Nxh4 Bd7 (13... O-O $14) 14. Nd2 Rc8 15. Nc4 Qa6 {[%emt 0:00:32] [#]} 16. Qf3 (16. Be2 $1 $18) 16... b5 17. Ne3 Qa5 18. b4 $2 (18. Nd5 $1 $15 Nxd4 19. Qd1) 18... Nxb4 19. cxb4 Qxb4+ 20. Kf2 {[%emt 0:00:16] [#]} Qd2+ $1 ({Resist} 20... Qxd4 21. Re1 $17) 21. Be2 Rc3 22. Nhf5 Bxf5 $1 {[%emt 0:00:18] Pin} 23. Nxf5 Rxf3+ 24. gxf3 e6 25. Rad1 Qf4 26. Bxb5+ Kd8 27. Nxh6 Qxh6 28. Rhg1 Ke7 29. d5 Rb8 30. a4 a6 31. Bxa6 (31. Be2 $142 exd5 32. Rxd5) 31... Rb2+ 32. Kg3 Qxh2+ 33. Kg4 Kf6 34. f4 h5+ 35. Kf3 Qf2# 0-1

[Event "Gibraltar Challengers A 2019"]
[Site "Caleta"]
[Date "2019.01.23"]
[Round "3"]
[White "Janiszewski, Maciej"]
[Black "Elishev, Ivan"]
[Result "1/2-1/2"]
[ECO "B33"]
[WhiteElo "2146"]
[BlackElo "2224"]
[Annotator "NA"]
[PlyCount "171"]
[EventDate "2019.01.18"]
[EventType "swiss"]
[EventCountry "GGB"]
[SourceTitle "playchess.com"]
[Source "ChessBase"]
[SourceQuality "1"]
[TimeControl "6600+10"]

1. e4 c5 2. Nf3 Nc6 3. d4 cxd4 4. Nxd4 Nf6 5. Nc3 e5 6. Ndb5 d6 7. Nd5 Nxd5 8. exd5 Nb8 9. c3 Be7 {[%emt 0:01:41] LiveBook: 6 Games B33: Sicilian: Pelikan and Sveshnikov Variations} 10. Be3 a6 11. Na3 Nd7 12. f4 $146 ({Predecessor:} 12. Qg4 Nf6 13. Qxg7 Rg8 14. Qh6 Rg6 15. Qh4 Bg4 16. Bg5 h6 17. Bxf6 Bxf6 {0-1 (32) Samame Castillo,J (2228)-Cordova,E (2429) Lima 2006}) 12... O-O 13. Bd3 exf4 14. Bxf4 {[%emt 0:00:08] [#]} Ne5 (14... Bh4+ $1 $17 15. Kd2 (15. g3 Re8+ 16. Be2 Nc5 $15) 15... Ne5 16. Bxe5 Qg5+ 17. Bf4 Qxf4+ 18. Kc2 Bg5) 15. Be2 Bg5 16. Qd2 Bxf4 17. Qxf4 {[%emt 0:00:07] [#]} Bg4 $1 18. Qf2 Bxe2 19. Qxe2 Qh4+ 20. g3 Qh3 21. O-O-O b5 22. Kb1 Rae8 23. Qf1 Qh5 24. Qf4 Qg6+ 25. Ka1 Nd3 26. Qd4 Nc5 27. Rhe1 Qh5 28. h4 Qf3 29. Qf4 Qxf4 30. gxf4 f5 31. Nc2 Re4 32. Rf1 Rfe8 33. Nd4 g6 34. h5 Kf7 35. Nf3 Kf6 36. Ng5 R4e7 37. hxg6 hxg6 38. Rh1 Ne4 39. Nxe4+ fxe4 40. Rdg1 e3 $19 41. Kb1 e2 42. Re1 Kf5 43. Rhg1 Re4 44. Rg5+ Kf6 45. Rg2 Rxf4 46. Rgxe2 Rxe2 47. Rxe2 Kf7 48. b3 Rf5 49. c4 bxc4 50. bxc4 Rf4 51. Rc2 g5 52. Kb2 Rf3 53. Re2 g4 54. Kc2 g3 55. Re4 Ra3 56. Kb2 Rd3 57. Kc2 Rf3 58. Rg4 Kf6 59. Kd2 Ke5 60. Ke2 Ra3 61. Kf1 Rc3 62. Kg2 a5 63. a4 Ra3 64. Rh4 Rxa4 65. Kxg3 Ra3+ 66. Kf2 a4 67. Ke2 Ra1 68. Kd3 Rd1+ 69. Kc3 a3 70. Rh2 Re1 71. Ra2 Re3+ 72. Kb4 Kd4 73. Rd2+ Rd3 74. Re2 Rd1 75. Kb5 Rb1+ 76. Kc6 Rb2 77. Re1 a2 78. Ra1 Kxc4 79. Kxd6 Rd2 80. Kc6 Kb3 81. d6 Kb2 82. Rxa2+ Kxa2 83. d7 Rc2+ 84. Kb7 Rd2 85. Kc7 Rxd7+ 86. Kxd7 1/2-1/2

[Event "Gibraltar Challengers A 2019"]
[Site "Caleta"]
[Date "2019.01.23"]
[Round "3"]
[White "Kandic, Milan"]
[Black "Lucas Vega, Ivan"]
[Result "1/2-1/2"]
[ECO "D02"]
[WhiteElo "2136"]
[BlackElo "2203"]
[Annotator "NA"]
[PlyCount "65"]
[EventDate "2019.01.18"]
[EventType "swiss"]
[EventCountry "GGB"]
[SourceTitle "playchess.com"]
[Source "ChessBase"]
[SourceQuality "1"]
[TimeControl "6600+10"]

1. Nf3 e6 2. d4 d5 3. Bf4 Nf6 4. e3 c6 5. Bd3 {[%emt 0:00:08] LiveBook: 6 Games} Be7 {[%emt 0:00:54] D02: 1 d4 d5 2 Nf3 sidelines, including 2...Nf6 3 g3 and 2...Nf6 3 Bf4} 6. h3 Nbd7 7. a4 $146 ({Predecessor:} 7. Nbd2 b6 8. Ne5 Nxe5 9. dxe5 Nd7 10. Qg4 g5 11. Bg3 h5 12. Qe2 {1-0 (32) Nisipeanu,L (2687)-Volodin,A (2473) Baku 2016}) 7... b6 8. Ne5 Bb7 9. Nd2 a5 10. Ndf3 Nxe5 11. Nxe5 Nd7 12. Qh5 Nxe5 13. Bxe5 Bf6 14. O-O Bxe5 15. dxe5 Qe7 16. c3 Ba6 17. Bxa6 Rxa6 18. e4 O-O 19. exd5 cxd5 20. Rad1 g6 21. Qe2 Ra7 22. Rd4 Rc8 23. h4 Rac7 24. h5 Rc4 25. Rfd1 Qg5 26. hxg6 hxg6 27. f4 $15 Qe7 28. Qf2 Kg7 29. Rxc4 Rxc4 30. Rd4 Qc5 31. Rxc4 Qxc4 32. Qxb6 Qxa4 33. Qf2 1/2-1/2

[Event "Gibraltar Challengers A 2019"]
[Site "Caleta"]
[Date "2019.01.23"]
[Round "3"]
[White "Jordan Martinez, David"]
[Black "Torres, Federico"]
[Result "0-1"]
[ECO "C55"]
[WhiteElo "2125"]
[BlackElo "2196"]
[Annotator "NA"]
[PlyCount "104"]
[EventDate "2019.01.18"]
[EventType "swiss"]
[EventCountry "GGB"]
[SourceTitle "playchess.com"]
[Source "ChessBase"]
[SourceQuality "1"]
[TimeControl "6600+10"]

1. e4 e5 2. Nf3 Nc6 3. Bc4 Nf6 4. O-O Nxe4 {[%emt 0:38:56] LiveBook: 43 Games} 5. Nc3 Nxc3 6. dxc3 Qf6 7. Ng5 Nd8 8. f4 h6 {[%emt 0:06:54] [#]} 9. Ne4 $14 (9. Nxf7 $1 $16 Nxf7 10. fxe5 Qb6+ 11. Kh1) 9... Qb6+ 10. Kh1 exf4 11. Bxf4 Be7 12. Qg4 Rh7 13. Qg3 d6 14. Rae1 Be6 15. Bxe6 Nxe6 16. Nxd6+ cxd6 17. Rxe6 fxe6 18. Qg6+ Kd7 19. Qxh7 Rf8 20. Qd3 Qxb2 21. a4 a6 22. h3 g5 23. Bg3 Rxf1+ 24. Qxf1 Qxc3 25. Kh2 Qxc2 26. a5 Qc3 27. Qb1 Qc7 28. Qg6 Qxa5 29. Qxh6 Qc3 30. Qh7 b5 31. h4 g4 32. h5 Qf6 33. h6 Kc6 34. Qg7 b4 35. Qh7 b3 36. Qe4+ Kc7 37. h7 b2 38. Be1 g3+ 39. Bxg3 Qh6+ 40. Kg1 Qc1+ 41. Kh2 b1=Q 42. Qxb1 Qxb1 43. h8=Q Qd3 44. Qa8 Qb5 45. Qe4 Kd7 46. Qh7 Qg5 47. Qb1 a5 48. Qb7+ Ke8 49. Qc6+ Kf7 50. Bxd6 Qh4+ 51. Kg1 Qd4+ 52. Kh1 Qd1+ 0-1

[Event "Gibraltar Challengers A 2019"]
[Site "Caleta"]
[Date "2019.01.23"]
[Round "3"]
[White "Osuna Vega, Enrique"]
[Black "Longa Yauca, Javier"]
[Result "0-1"]
[ECO "A29"]
[WhiteElo "2116"]
[BlackElo "2226"]
[Annotator "NA"]
[PlyCount "118"]
[EventDate "2019.01.18"]
[EventType "swiss"]
[EventCountry "GGB"]
[SourceTitle "playchess.com"]
[Source "ChessBase"]
[SourceQuality "1"]
[TimeControl "6600+10"]

1. c4 Nf6 2. Nc3 e5 3. g3 Nc6 4. a3 a5 5. Bg2 Bc5 6. Nf3 d6 7. d3 h6 {[%emt 0:00:21] LiveBook: 18 Games} 8. O-O O-O 9. Rb1 Bf5 {[%emt 0:01:49] A29: English Opening: Four Knights Variation with 4 g3} (9... Be6 10. Bd2 Qd7 11. e3 Bf5 12. Qe2 e4 13. dxe4 Nxe4 14. Rbd1 Rae8 15. Nxe4 Bxe4 16. Bc3 Qf5 17. Rd2 {½-½ (58) Dzagnidze,N (2570)-Gunina,V (2522) Beijing 2014}) 10. Nd2 Qd7 11. Nde4 Nxe4 12. Nxe4 Ba7 13. b4 axb4 14. axb4 Bh3 15. b5 Ne7 $146 ({Predecessor:} 15... Bxg2 16. Kxg2 Nd4 17. e3 {1-0 (33) Boskemper,D (1669)-De Wit,G (1695) Venlo 2000}) 16. e3 Bxg2 17. Kxg2 f5 18. Nc3 Qe6 19. Qe2 Bb6 20. Bd2 Qg6 21. Kh1 Ra3 22. Ra1 Rfa8 23. Rxa3 Rxa3 24. Qf3 c6 25. bxc6 bxc6 26. Qd1 d5 27. Na4 c5 {[%emt 0:15:54] [#]} 28. Bc1 $1 Ra1 29. Qb3 dxc4 (29... Qc6 $1 $11 30. Qxb6 Rxa4 31. Qxc6 Nxc6) 30. Qxc4+ Kh7 31. Kg1 Ba7 32. Nxc5 Qc6 33. Nb3 Qxc4 34. dxc4 Ra4 35. Bb2 Nc6 36. Nd2 Ra2 37. Rb1 e4 38. Bc3 Rc2 39. Rb3 Bb8 40. f4 exf3 41. Nxf3 Ba7 42. Nd4 Rxc3 43. Rxc3 Nxd4 44. Ra3 Nc6 45. Kf2 Bc5 46. Ra6 Ne5 47. Ke2 $11 Kg8 48. Ra5 Nd7 49. Kd3 g5 50. e4 f4 51. gxf4 gxf4 52. e5 f3 53. e6 Ne5+ 54. Ke4 f2 55. Kxe5 f1=Q 56. Rxc5 Qe2+ 57. Kf6 Qb2+ 58. Kg6 Qg2+ 59. Kf6 Qg7+ 0-1

[Event "Gibraltar Challengers A 2019"]
[Site "Caleta"]
[Date "2019.01.23"]
[Round "3"]
[White "Suez-Panama, Gilles"]
[Black "Carrascoso Morales, Abel"]
[Result "0-1"]
[ECO "A06"]
[WhiteElo "2078"]
[BlackElo "2219"]
[Annotator "NA"]
[PlyCount "146"]
[EventDate "2019.01.18"]
[EventType "swiss"]
[EventCountry "GGB"]
[SourceTitle "playchess.com"]
[Source "ChessBase"]
[SourceQuality "1"]
[TimeControl "6600+10"]

1. Nf3 c5 2. b3 d5 3. e3 Nf6 4. Bb2 a6 5. Bd3 Nc6 6. O-O Bg4 7. h3 Bh5 8. Be2 Qc7 9. d4 e6 10. Nbd2 cxd4 11. exd4 (11. Nxd4 $5 Bxe2 12. Nxe2 $11) 11... Be7 12. Re1 O-O 13. Ne5 Bxe2 14. Rxe2 Nxe5 15. dxe5 Nh5 16. g3 f6 17. Re3 (17. Nf3 $11) 17... g6 (17... Bc5 $15 18. Rc3 Qxe5) 18. Nf3 fxe5 19. Bxe5 Bd6 20. Qd4 Rf5 (20... Bxe5 $14 21. Nxe5 Nf6) 21. Bxd6 Qxd6 22. Rae1 Ng7 23. g4 Rf4 24. Qe5 Qxe5 25. Nxe5 Rc8 26. R1e2 g5 27. Kg2 b5 28. Nf3 h6 29. c3 b4 30. cxb4 Rxb4 31. Ne5 a5 32. a3 ({White should try} 32. Rf3 $16) 32... Rf4 33. Nd3 Rd4 34. Ne5 Rc1 35. Rb2 $11 Rdd1 36. Nf3 d4 37. Re4 d3 38. Rd2 Rxd2 39. Nxd2 Rc2 40. Nc4 e5 41. Rxe5 a4 42. Na5 d2 43. Rd5 Ne6 44. Rd6 Nf4+ 45. Kh2 Rc5 46. Rxd2 Rxa5 47. bxa4 Rxa4 48. Ra2 Kf7 49. Kg3 Ng6 50. f3 Nh4 51. Ra1 Rf4 52. Rf1 Ke6 53. Re1+ Kd5 54. Re3 Rc4 55. Rd3+ Kc5 56. Rd8 Rf4 57. Rd3 Kc4 58. Re3 Rd4 59. Re2 Rd3 60. Rc2+ Kb3 61. Rf2 Kxa3 62. Rf1 Kb2 63. Rf2+ Kc3 64. Rf1 Rd2 65. Rg1 Rd3 66. Rf1 Kd4 67. Rf2 Ke3 68. Rf1 Ke2 69. Rf2+ Ke1 70. Ra2 Rxf3+ 71. Kh2 Rf2+ 72. Rxf2 Kxf2 73. Kh1 Kg3 0-1